 Dungeon Crawl Stone Soup version 0.29.1-15-g9cfb28693d (webtiles) character file.

Game seed: 5830430350479124681

2509 growler the Martial Artist (level 9, 0/66 HPs)
             Began as a Merfolk Transmuter on Apr 3, 2023.
             Slain by Joseph
             ... wielding a +1 vorpal quarterstaff
              (4 damage)
             ... on level 8 of the Dungeon.
             The game lasted 00:21:29 (10058 turns).

growler the Martial Artist (Merfolk Transmuter)    Turns: 10058, Time: 00:21:30

Health: 0/66       AC:  2    Str: 13    XL:     9   Next: 53%
Magic:  15/15      EV: 21    Int: 14    God:
Gold:   328        SH:  0    Dex: 25    Spells: 6/16 levels left

rFire   . . .      SeeInvis .     - Unarmed
rCold   . . .      Faith    .   (shield currently unavailable)
rNeg    . . .      Spirit   .   (body armour currently unavailable)
rPois   .          Reflect  .   (helmet currently unavailable)
rElec   .          Harm     .   (cloak currently unavailable)
rCorr   .          Rampage  .   (gloves currently unavailable)
Will    .....                   (boots currently unavailable)
Stlth   ++........              d - amulet of magic regeneration
HPRegen 0.21/turn               j - ring of poison resistance
MPRegen 0.54/turn               m - +6 ring of dexterity

@: spider-form
A: venomous fangs, tiny, (nimble swimmer 2), (mertail)
a: End Transformation


You were on level 8 of the Dungeon.
You were a venomous arachnid creature.
You visited 2 branches of the dungeon, and saw 9 of its levels.

You collected 395 gold pieces.
You spent 67 gold pieces at shops.

Inventory:

Armour
 a - a +0 robe (melded)
 i - a +0 cloak (melded)
 z - a +0 pair of gloves (melded)
 A - a +0 helmet (melded)
Jewellery
 d - an amulet of magic regeneration (around neck)
 j - a ring of poison resistance (left front leg)
 m - a +6 ring of dexterity (right front leg)
 q - a +6 ring of dexterity
 w - a +4 ring of evasion
Wands
 x - a wand of iceblast (8)
 y - a wand of digging (4)
Scrolls
 c - a scroll of brand weapon {unknown}
 g - a scroll of vulnerability
 l - a scroll of teleportation {unknown}
 r - 2 scrolls of blinking {unknown}
 t - a scroll of summoning {unknown}
 u - a scroll of enchant armour {unknown}
Potions
 b - 2 potions of lignification
 e - 2 potions of invisibility
 f - 2 potions of attraction
 h - a potion of heal wounds
 k - a potion of brilliance
 n - 2 potions of mutation
 o - a potion of might
 p - 2 potions of berserk rage
 s - a potion of cancellation {unknown}
 v - 2 potions of flight {unknown}


   Skills:
 + Level 4.7 Fighting
 - Level 2.6 Dodging
 + Level 11.0 Unarmed Combat
 - Level 4.0 Spellcasting
 - Level 6.0 Transmutations
 - Level 4.0 Ice Magic


You had 6 spell levels left.
You knew the following spells:

 Your Spells              Type           Power      Damage    Failure   Level
a - Beastly Appendage     Tmut           38%        N/A       7%          1
b - Wereblood             Tmut           19%        N/A       10%         2
c - Spider Form           Tmut/Pois      11%        N/A       36%         3
d - Ice Form              Ice/Tmut       16%        N/A       45%         4

Your spell library contained the following spells:

 Spells                   Type           Power      Damage    Failure   Level
 Freeze                   Ice            56%        1d7       12%         1
 Frozen Ramparts          Ice            28%        1d5       26%         3
 Hailstorm                Conj/Ice       8%         3d4       82%         4


Dungeon Overview and Level Annotations

Branches:
Dungeon (8/15)             Temple (1/1) D:5
   Lair: D:8-11

Altars:
Ashenzari
Cheibriados
Dithmenos
Elyvilon
Fedhas
Hepliaklqana
Kikubaaqudgha
Makhleb
Nemelex Xobeh
Okawaru
Qazlal
Ru
Sif Muna
Trog
Uskayaw
Vehumet
Xom
Yredelemnul
Zin
The Shining One

Shops:
D:8 [

Annotations:
D:4 3 runed translucent doors, devnull's ghost, amateur MfGl
D:8 Joseph


Innate Abilities, Weirdness & Mutations

You are a venomous arachnid creature.
You have poisonous fangs.
You are tiny and dextrous.
Your spellcasting is less reliable in this form.
Your armour is entirely melded.
You are incapable of wielding weapons or throwing items.
((You are very nimble when in or above water. (Stealth+, EV+, Speed+++)))
((Your lower body shifts to a powerful aquatic tail in water.))


Message History

The orc priest shouts!
You hear an angry hiss.
The orc priest mumbles some strange prayers to Beogh against you.
Beogh smites you!
Casting: Beastly Appendage (safe; 1% risk of failure)
Confirm with . or Enter, or press ? or * to list all spells.
You miscast Ice Form.
You are very lightly contaminated with residual magic.
Nothing appears to happen.
The orc priest mumbles some strange prayers to Beogh against you.
Beogh smites you!
Your magical contamination has completely faded away.
Casting: Ice Form (dangerous; 24% risk of failure)
Confirm with . or Enter, or press ? or * to list all spells.
You turn into a venomous arachnid creature.
Your +0 cloak melds into your body.
Your +0 helmet melds into your body.
Your +0 pair of gloves melds into your body.
Your +0 robe melds into your body.
The orc priest calls down the wrath of Beogh upon you.
Beogh smites you!
You hear a shout!
Joseph smiles happily.
You bite the orc priest!
The orc priest is poisoned.
The orc priest is heavily wounded.
The orc priest hits you with a +0 short sword.
You hit the orc priest.
The orc priest is severely wounded.
The orc priest closely misses you.
You bite the orc priest!
You kill the orc priest!
Joseph unwields a +1 vorpal quarterstaff.
Joseph wields a +0 sling.
Joseph shoots a sling bullet.
The sling bullet hits you!!
* * * LOW HITPOINT WARNING * * *
Unknown command.
Things that are here:
a +0 short sword; a +0 leather armour Joseph unwields a +0 sling.
Joseph wields a +1 vorpal quarterstaff.
Joseph hits you with a +1 vorpal quarterstaff!
* * * LOW HITPOINT WARNING * * *
You die...

#...........#.#.#.#.#.#.#.#.#.#
#....o........................#
#.....oo....#.#.#.#.#.#.#.#.#.#
........#....#..........
#######.#....#..........
#.#.##.#..........
#.#.##.#.#.###..(. #@#.##.#.#.#
#.... #s#.##.#.#.# #....
#)#.##.#.#.# ####. #.#.##(# ..
#.#.. .# ## #.#.. #.# #.# #..
####


You could see Joseph.

Vanquished Creatures
  Sigmund (D:2)
  A yak (D:8)
  Duvessa (D:6)
  2 orc warriors
  A sky beast (D:7)
  2 ice beasts
  A black bear (D:7)
  A centaur (D:5)
  3 ogres
  A phantom (D:7)
  3 bullfrogs
  4 scorpions
  A wight (D:8)
  Dowan (D:6)
  4 orc priests
  3 hounds
  A jelly (D:4)
  Crazy Yiuf (D:2)
  2 iguanas (D:5)
  4 orc wizards
  6 adders
  A gnoll (D:7)
  A white imp (D:5)
  An ufetubus (D:5)
  2 worms (D:2)
  A dart slug (D:4)
  22 orcs
  4 ball pythons
  7 endoplasms
  5 giant cockroaches
  12 goblins
  6 hobgoblins
  6 jackals
  5 kobolds
  5 quokkas
  5 bats
  A frilled lizard (D:3)
  6 rats
134 creatures vanquished.

Notes
Turn   | Place    | Note
-------+----------+-------------------------------------------
     0 | D:1      | growler the Merfolk Transmuter began the quest for the Orb.
     0 | D:1      | Reached XP level 1. HP: 15/15 MP: 3/3
   531 | D:1      | Reached XP level 2. HP: 20/21 MP: 3/5
   539 | D:1      | Learned a level 2 spell: Wereblood
  1069 | D:1      | Reached XP level 3. HP: 21/26 MP: 0/6
  1357 | D:1      | Learned a level 3 spell: Spider Form
  1971 | D:2      | Noticed Sigmund
  2142 | D:2      | Killed Sigmund
  2143 | D:2      | Reached skill level 5 in Unarmed Combat
  2143 | D:2      | Reached XP level 4. HP: 32/32 MP: 3/8
  2143 | D:2      | Reached XP level 5. HP: 37/37 MP: 3/9
  2289 | D:2      | Found a runed translucent door.
  2290 | D:2      | Noticed Crazy Yiuf
  2337 | D:2      | Found a faded altar of an unknown god.
  2747 | D:2      | Reached skill level 6 in Unarmed Combat
  2849 | D:2      | Found a blossoming altar of Fedhas.
  3011 | D:2      | Killed Crazy Yiuf
  3012 | D:2      | Reached XP level 6. HP: 43/43 MP: 6/10
  3798 | D:3      | Found a hazy altar of Hepliaklqana.
  3927 | D:4      | Noticed devnull's ghost (amateur MfGl)
  3928 | D:4      | Noticed an ice beast
  3944 | D:4      | Found a sacrificial altar of Ru.
  4099 | D:4      | Reached skill level 7 in Unarmed Combat
  4126 | D:4      | Found a white marble altar of Elyvilon.
  4127 | D:4      | Found a blossoming altar of Fedhas.
  4340 | D:4      | Found a runed translucent gate.
  4340 | D:4      | Found a runed translucent gate.
  4356 | D:4      | Found a runed translucent gate.
  4406 | D:4      | Reached XP level 7. HP: 46/48 MP: 11/11
  4532 | D:4      | Reached skill level 8 in Unarmed Combat
  4789 | D:5      | Entered Level 5 of the Dungeon
  4823 | D:5      | Found a staircase to the Ecumenical Temple.
  4830 | Temple   | Entered the Ecumenical Temple
  5671 | D:5      | Reached skill level 9 in Unarmed Combat
  6318 | D:5      | You fall into a shaft and drop 3 floors!
  6360 | D:6      | Reached XP level 8. HP: 44/54 MP: 12/12
  6420 | D:6      | Noticed Duvessa
  6421 | D:6      | Noticed Dowan
  6428 | D:6      | Killed Duvessa
  6439 | D:6      | Reached skill level 10 in Unarmed Combat
  6442 | D:6      | Killed Dowan
  6454 | D:6      | Learned a level 4 spell: Ice Form
  6588 | D:5      | Reached skill level 1 in Ice Magic
  7635 | D:7      | Reached skill level 5 in Transmutations
  7817 | D:7      | Found an iron altar of Okawaru.
  7909 | D:7      | Found a hide-covered altar of Uskayaw.
  8012 | D:7      | Reached XP level 9. HP: 63/63 MP: 14/14
  9081 | D:8      | Noticed a two-headed ogre
  9350 | D:8      | Noticed Joseph
  9466 | D:8      | HP: 4/97 [poisoned by an orc warrior]
  9835 | D:8      | Reached skill level 11 in Unarmed Combat
  9841 | D:8      | Found Raigia's Armour Shop.
 10005 | D:8      | Bought a +0 helmet for 67 gold pieces
 10058 | D:8      | Slain by Joseph

Illustrated notes

Levels and vault maps discovered:
D:1:      lemuel_arrival_tunnels, layout_loops_corners
D:2:      layout_basic, basic_altar, chequers_ecumenical_altar_simple,
          uniq_crazy_yiuf_cottage, uniq_sigmund
D:3:      layout_loops_ring, lemuel_crystal_altar
D:4:      layout_rooms, nicolae_ru_great_annihilating_truth,
          nicolae_overflow_two_pavilions, gammafunk_ghost_icy
D:5:      layout_basic, minmay_temple_entry_statues_fountains
D:6:      layout_loops_corners, uniq_duvessa
D:7:      layout_gridville, marbit_many_paths, okawaru_gym_becter,
          minmay_crossroads
D:8:      layout_basic, serial_shops, nicolae_shop_statue_plus, st_stairs_11,
          uniq_joseph
Temple:   minmay_temple_curvy_branch

Skill      XL: |  1  2  3  4  5  6  7  8  9 |
---------------+----------------------------+-----
Transmutations | 3 4 5 6 |  6.0
Unarmed Combat | 5 6 7 9 10 11 | 11.0
Spellcasting   | 3 4 |  4.0
Fighting       | 3 4 |  4.7
Ice Magic      | 2 4 |  4.0
Dodging        | |  2.6

Action                   |  1- 3 |  4- 6 |  7- 9 || total
-------------------------+-------+-------+-------++-------
Melee: Unarmed           |    96 |   122 |   226 ||   444
       Headbutt          |    16 |    16 |    26 ||    58
       Punch             |     1 |     4 |     4 ||     9
 Cast: Beastly Appendage |    27 |    20 |    18 ||    65
       Wereblood         |     1 |     3 |     7 ||    11
       Spider Form       |     1 |     4 |    15 ||    20
       Ice Form          |       |       |     1 ||     1
  Use: Scroll            |       |     4 |     6 ||    10
       Potion            |       |       |     2 ||     2
 Stab: Sleeping          |     2 |     1 |     1 ||     4
       Paralysed         |       |     1 |       ||     1
Armor: Robe              |    15 |    12 |    17 ||    44
       Skin              |       |       |     6 ||     6
Dodge: Dodged            |    50 |    67 |   154 ||   271
